 Dungeon Crawl Stone Soup version 0.29-a0-321-gf1c400731a (webtiles) character file.

Game seed: 12242790644899193765

98 tilp the Chiller (level 4, 19/19 HPs)
             Began as a Felid Ice Elementalist on Apr 4, 2022.
             Quit the game on level 4 of the Dungeon.
             The game lasted 00:04:17 (3040 turns).

tilp the Chiller (Felid Ice Elementalist)           Turns: 3040, Time: 00:04:18

Health: 19/19      AC:  1    Str: 10    XL:     4   Next: 44%
Magic:  9/9        EV: 17    Int: 25    God:
Gold:   184        SH:  5    Dex: 16    Spells: 2/9 levels left
                                        Lives:  0   Deaths: 1

rFire   . . .      SeeInvis +   (weapon unavailable)
rCold   . . .      Faith    .   (shield unavailable)
rNeg    . . .      Spirit   .   (body armour unavailable)
rPois   .          Reflect  +   (helmet unavailable)
rElec   .          Harm     .   (cloak unavailable)
rCorr   .          Rampage  .   (gloves unavailable)
Will    .....                   (boots unavailable)
Stlth   ++........              e - amulet of reflection
HPRegen 0.06/turn               c - +6 ring of intelligence
MPRegen 0.11/turn               f - +6 ring of strength

@: quick
A: very small, claws 1, fangs 3, see invisible, speed 1, shaggy fur 1, stealthy
paws, no weapons or thrown items, no armour, multi-lived
a: no special abilities


You were on level 4 of the Dungeon.
You visited 1 branch of the dungeon, and saw 4 of its levels.

You collected 184 gold pieces.

Inventory:

Jewellery
 c - a +6 ring of intelligence (left paw)
 e - an amulet of reflection (around neck)
 f - a +6 ring of strength (right paw)
Scrolls
 d - a scroll of immolation
Potions
 a - a potion of magic
 b - 3 potions of haste
 g - a potion of brilliance {unknown}
 h - a potion of cancellation {unknown}
 i - 2 potions of flight {unknown}
 j - 2 potions of degeneration {unknown}
 k - a potion of heal wounds {unknown}


   Skills:
 - Level 2.0 Fighting
 - Level 2.6 Dodging
 - Level 2.6 Stealth
 - Level 3.0 Spellcasting
 * Level 5.3 Ice Magic


You had 2 spell levels left.
You knew the following spells:

 Your Spells              Type           Power      Damage    Failure   Level
a - Freeze                Ice            100%       1d11      1%          1
b - Frozen Ramparts       Ice            60%        1d8       3%          3
c - Ozocubu's Armour      Ice            30%        N/A       3%          3

Your spell library contained the following spells:

 Spells                   Type           Power      Damage    Failure   Level
 Gell's Gravitas          Tloc           3%         N/A       30%         3
 Teleport Other           Tloc           3%         N/A       30%         3
 Hailstorm                Conj/Ice       17%        3d6       32%         4
 Dispersal                Tloc           1%         N/A       100%        6


Dungeon Overview and Level Annotations

Branches:
Dungeon (4/15)
 Temple: D:4-7

Altars:
Hepliaklqana
Kikubaaqudgha


Innate Abilities, Weirdness & Mutations

You have sharp claws.
You have razor-sharp teeth.
You have supernaturally acute eyesight. (SInv)
You cover ground quickly. (Speed+)
You are covered in fur. (AC +1)
Your paws help you pounce on unaware monsters.
You are incapable of wielding weapons or throwing items.
You cannot wear armour.
You gain extra lives every three experience levels.


Message History

The puff of flame misses you.
Unknown command.
Casting: Freeze (safe; 1% risk of failure)
Confirm with . or Enter, or press ? or * to list all spells.
Aiming: Freeze (safe; 1% risk of failure)
Press: ? - help, Shift-Dir - straight line, f/p - orc wizard
Aim: an orc wizard, wielding a +0 dagger and wearing a +0 robe (severely wounded, slightly transparent)
You freeze the orc wizard.
The orc wizard is almost dead.
The wall freezes the orc wizard.
You kill the orc wizard!
Unknown command.
Unknown command.
This spell is quite dangerous to cast!
Memorise Ozocubu's Armour, consuming 3 spell levels and leaving 3?
You start memorising the spell.
You continue memorising.
The frozen ramparts melt away.
You continue memorising. x2
You finish memorising.
Spell assigned to 'c'.
An orc priest is nearby!
An orc priest is nearby!
An orc priest is nearby!
Casting: Freeze (safe; 1% risk of failure)
Confirm with . or Enter, or press ? or * to list all spells.
The spell is quite dangerous to miscast (3% risk of failure)!
Continue anyway?
Casting: Frozen Ramparts (quite dangerous; 3% risk of failure)
Press: ? - help, Dir - look around, f - activate The walls around you are covered in ice.
The orc priest looks encouraged for a moment.
Unknown command.
The orc priest looks braver for a moment.
The orc priest mumbles some strange prayers to Beogh against you.
Beogh smites you!
Ouch! That really hurt!
You die...
You are now level 4!
You rejoin the land of the living...
Unknown command.
Unknown command.
Are you sure you want to abandon this character and quit the game? (Confirm with "yes".)

.....
.....
......
......
......####
.........#
.........#
.......@.#
.........#
.........#
##.......#
#.......#
#.......#
....######
....


There were no monsters in sight!

Vanquished Creatures
  An orc priest (D:4)
  3 orc wizards
  2 adders
  A dart slug (D:1)
  5 orcs
  4 ball pythons
  7 bats
  4 endoplasms
  5 giant cockroaches
  2 goblins
  6 hobgoblins
  13 kobolds
  3 quokkas
  5 frilled lizards
  6 rats
67 creatures vanquished.

Vanquished Creatures (others)
  3 plants (D:3)
3 creatures vanquished.

Grand Total: 70 creatures vanquished

Notes
Turn   | Place    | Note
-------+----------+-------------------------------------------
     0 | D:1      | tilp the Felid Ice Elementalist began the quest for the
                  | Orb.
     0 | D:1      | Reached XP level 1. HP: 7/7 MP: 4/4
   197 | D:1      | Reached XP level 2. HP: 12/12 MP: 4/6
   539 | D:1      | Reached skill level 4 in Ice Magic
   610 | D:1      | Reached skill level 1 in Fighting
  1143 | D:2      | Reached XP level 3. HP: 15/15 MP: 5/7
  1147 | D:2      | Learned a level 3 spell: Frozen Ramparts
  1538 | D:2      | Identified the +0 pair of gloves of Instinct {Dex+3}
  1827 | D:3      | Reached XP level 4. HP: 19/19 MP: 4/8
  2242 | D:3      | Found an ancient bone altar of Kikubaaqudgha.
  2394 | D:3      | Found a hazy altar of Hepliaklqana.
  3026 | D:4      | Reached XP level 5. HP: 15/22 MP: 6/10
  3027 | D:4      | Reached skill level 5 in Ice Magic
  3036 | D:4      | Learned a level 3 spell: Ozocubu's Armour
  3039 | D:4      | Killed from afar by an orc priest
  3040 | D:4      | Reached XP level 4. HP: -1/19 MP: 3/9
  3040 | D:4      | Quit the game

Illustrated notes

Levels and vault maps discovered:
D:1:      dpeg_arrival_pits, layout_loops_ring
D:2:      layout_rooms, minmay_goblin_kobold_house
D:3:      layout_rooms, mainiacjoe_overflow_catch_the_wave, serial_park_tiny_1,
          grunt_ministairs_6, serial_bayou_lake_a
D:4:      layout_basic, pdpol_wu_jian_five_deadly_venoms, uniq_grinder,
          uniq_ijyb

Skill      XL: |  1  2  3  4  5 |
---------------+----------------+-----
Ice Magic      | 4 5 |  5.3
Fighting       | 1 2 |  2.0
Spellcasting   | 3 |  3.0
Dodging        | |  2.6
Stealth        | |  2.6

Action                   |  1- 3 |  4- 6 || total
-------------------------+-------+-------++-------
Melee: Unarmed           |    26 |    16 ||    42
       Bite              |     2 |     1 ||     3
 Cast: Freeze            |    34 |    13 ||    47
       Frozen Ramparts   |     6 |     9 ||    15
  Use: Scroll            |     4 |     1 ||     5
 Stab: Sleeping          |    15 |     4 ||    19
Armor: Skin              |     3 |     2 ||     5
Dodge: Dodged            |    21 |    12 ||    33

Table legend: (Time is in decaauts)
 A = Elapsed time spent in this place.
 B = Non-inter-level travel time spent in this place.
 C = Inter-level travel time spent in this place.
 D = Time resting spent in this place.
 E = Time spent auto-exploring this place.
 F = Levels seen in this place.
 G = Mean time per level.
                   A        B        C        D        E       F      G
               +--------+--------+--------+--------+--------+-----+--------+
         Total |   2777 |   2684 |     93 |    236 |   2047 |   4 |  694.2 |
       Dungeon |   2777 |   2684 |     93 |    236 |   2047 |   4 |  694.2 |
               +--------+--------+--------+--------+--------+-----+--------+

Top non-repeatable levels by time:
     D:3: 1114 daAuts
     D:1: 1018 daAuts
     D:2: 604 daAuts
     D:4: 39 daAuts
